 Dungeon Crawl Stone Soup version 0.30-a0-965-g42e074c17a (webtiles) character file.

Game seed: 1473819386431921174

1834 Axe the Grappler (level 8, 0/69 (80) HPs)
             Began as a Troll Gladiator on Mar 31, 2023.
             Was a Follower of Ru.
             Slain by a wight
             ... wielding a +0 trident
              (11 damage)
             ... on level 7 of the Dungeon.
             The game lasted 00:04:59 (3091 turns).

Axe the Grappler (Troll Gladiator)                  Turns: 3091, Time: 00:04:59

HP:   0/69 (80)     AC:  7    Str: 25    XL:     8   Next: 87%
MP:   7/7           EV: 11    Int:  4    God:    Ru [*.....]
Gold: 241           SH:  0    Dex: 11    Spells: 7/7 levels left

rFire   . . .      SeeInvis .      - Unarmed
rCold   . . .      Faith    .    (no shield)
rNeg    . . .      Spirit   .    q - +2 robe {Will+}
rPois   +          Reflect  .    v - +0 hat {Will+}
rElec   .          Rampage  .    u - +0 cloak
rCorr   .                        (gloves unavailable)
Will    ++...                    (boots unavailable)
Stlth   +                        (no amulet)
HPRegen 1.11/turn                h - ring of poison resistance
MPRegen 0.10/turn                (no ring)

@: on berserk cooldown, hasted and slowed, heavily drained
A: large, unfitting armour, claws 3, regeneration 1, shaggy fur 1, tough skin 1,
hated by all
a: Renounce Religion


You were on level 7 of the Dungeon.
You worshipped Ru.
Ru was aware of your devotion.
You visited 1 branch of the dungeon, and saw 7 of its levels.

You collected 241 gold pieces.

Inventory:

Missiles
 c - 3 throwing nets (quivered)
 d - a large rock
 i - 2 silver javelins
Armour
 q - a +2 robe of willpower (worn)
 u - a +0 cloak (worn)
 v - a +0 hat of willpower (worn)
Jewellery
 h - a ring of poison resistance (left claw)
Scrolls
 a - a scroll of poison {unknown}
 f - a scroll of blinking {unknown}
 l - a scroll of magic mapping {unknown}
 m - 2 scrolls of amnesia {unknown}
 n - a scroll of torment {unknown}
 o - 4 scrolls of noise {unknown}
 r - a scroll of identify {unknown}
 s - a scroll of enchant armour {unknown}
 w - a scroll of immolation {unknown}
 y - 2 scrolls of fog {unknown}
 z - a scroll of teleportation {unknown}
Potions
 b - a potion of magic {unknown}
 e - 3 potions of flight {unknown}
 g - 2 potions of curing {unknown}
 j - a potion of brilliance {unknown}
 k - a potion of berserk rage
 p - 2 potions of ambrosia
 t - a potion of heal wounds {unknown}


   Skills:
 + Level 5.0 Fighting
 - Level 1.7 Throwing
 + Level 5.3 Dodging
 * Level 8.7 Unarmed Combat


You had 7 spell levels left.
You didn't know any spells.
Your spell library contained the following spells:

 Spells                   Type           Power      Damage    Failure   Level
 Freeze                   Ice            0%         1d3       50%         1
 Magic Dart               Conj           0%         1d3       50%         1
 Ensorcelled Hibernation  Hex/Ice        0%         N/A       65%         2
 Passwall                 Tmut/Erth      0%         N/A       65%         2
 Frozen Ramparts          Ice            0%         1d1       86%         3
 Hailstorm                Conj/Ice       0%         3d3       86%         3
 Mephitic Cloud           Conj/Pois/Air  0%         N/A       86%         3
 Swiftness                Air            0%         N/A       86%         3
 Call Imp                 Summ           Unusable   N/A       N/A         2

Dungeon Overview and Level Annotations

Branches:
Dungeon (8/15)
 Temple: D:4-7         Lair: D:8-11

Altars:
Dithmenos
Elyvilon
Makhleb
Ru

Shops:
D:2 (


Innate Abilities, Weirdness & Mutations

You are too large for most types of armour.
You have claws for hands.
Your natural rate of healing is unusually fast.
You are covered in fur. (AC +1)
You have tough skin. (AC +1)
You are hated by all.


Message History

The wight hits you but does no damage.
Items here: )) ?? [[ †.
You scratch the wight but do no damage.
The wight hits you from afar with a +0 trident!
* * * LOW HITPOINT WARNING * * *
You feel drained.
* * * LOW HITPOINT WARNING * * *
It was a potion of berserk rage.
A red film seems to cover your vision as you go berserk!
You feel yourself moving faster!
You feel mighty! The wight hits you with a +4 spear!
* * * LOW HITPOINT WARNING * * *
You feel drained.
* * * LOW HITPOINT WARNING * * *
The wight hits you from afar with a +0 trident!
* * * LOW HITPOINT WARNING * * *
You are too berserk!
You miss the wight. You scratch the wight.
The wight is moderately damaged.
The wight closely misses you. x2
You mangle the wight!!
You destroy the wight!
Your Fighting skill increases to level 5!
You bump into the rock wall.
The wight barely misses you.
You bump into the rock wall.
You feel a strong urge to attack something.
The wight hits you from afar with a +0 trident!
* * * LOW HITPOINT WARNING * * *
You feel drained.
* * * LOW HITPOINT WARNING * * *
You bump into the rock wall.
You bump into the rock wall.
You feel your anger nearly subside.
You feel less invigorated.
You feel less confused.
You are no longer berserk.
You are exhausted.
You feel yourself slow down.
The wight hits you from afar with a +0 trident!
You die...

....... ###### # ...... #....##
#! #...... #.....## ~#.####
...... #......#
~~.....###...... #....#.###
~.......#..# #.##### ##.###....
..........# #.#...# #.######.
......)..#####.#...# #..# #.
...........z.#@#...# ##.######
......z......#)#...# #......##
...<......zh..z....# #......#.
.............#.#...####........
.............#.#..............#
.............#.#...#..#P.P...##
.............#............♣..#
.......<........####..†P..♣..#
..............## ###..♣.P..#


You could see a wight.

Vanquished Creatures
  Grinder (D:4)
  Sigmund (D:4)
  Eustachio (D:4)
  Edmund (D:4)
  An orc warrior (D:7)
  A phantom (D:4)
  Blork the orc (D:4)
  A gnoll sergeant (D:5)
  3 bullfrogs (D:7)
  A scorpion (D:5)
  4 wights (D:7)
  3 howler monkeys (D:7)
  A quasit (D:7)
  Crazy Yiuf (D:3)
  An orc wizard (D:8)
  Robin (D:3)
  8 gnolls
  2 adders
  2 shadow imps
  3 white imps (D:7)
  A worm (D:3)
  4 dart slugs
  11 orcs
  6 bats
  7 endoplasms
  12 goblins
  13 hobgoblins
  13 jackals
  7 kobolds
  2 quokkas
  12 ball pythons
  A frilled lizard (D:3)
  7 rats
134 creatures vanquished.

Vanquished Creatures (others)
  4 demonic plants (D:7)
4 creatures vanquished.

Grand Total: 138 creatures vanquished

Notes
Turn   | Place    | Note
-------+----------+-------------------------------------------
     0 | D:1      | Axe the Troll Gladiator began the quest for the Orb.
     0 | D:1      | Reached XP level 1. HP: 19/19 MP: 0/0
    93 | D:1      | Reached XP level 2. HP: 22/28 MP: 1/1
   182 | D:1      | Reached XP level 3. HP: 31/35 MP: 2/2
   388 | D:1      | Reached skill level 4 in Unarmed Combat
   944 | D:2      | Reached XP level 4. HP: 42/42 MP: 3/3
  1159 | D:2      | Found Ejuzuqil's Weapon Shop.
  1387 | D:3      | Found a faded altar of an unknown god.
  1388 | D:3      | Noticed Robin
  1416 | D:3      | Killed Robin
  1475 | D:3      | Found a runed translucent door.
  1476 | D:3      | Noticed Crazy Yiuf
  1637 | D:3      | Found a white marble altar of Elyvilon.
  1644 | D:3      | Reached XP level 5. HP: 50/50 MP: 4/4
  1763 | D:3      | Found a sacrificial altar of Ru.
  1928 | D:3      | Became a worshipper of Ru the Awakened
  2194 | D:3      | Killed Crazy Yiuf
  2318 | D:4      | Reached skill level 5 in Unarmed Combat
  2350 | D:4      | Noticed Edmund
  2357 | D:4      | Killed Edmund
  2358 | D:4      | Reached XP level 6. HP: 38/61 MP: 5/5
  2374 | D:4      | Noticed Grinder
  2383 | D:4      | Paralysed by Grinder for 5 turns
  2395 | D:4      | Killed Grinder
  2396 | D:4      | Reached skill level 6 in Unarmed Combat
  2396 | D:4      | Reached XP level 7. HP: 59/67 MP: 6/6
  2431 | D:4      | Noticed Sigmund
  2441 | D:4      | Killed Sigmund
  2633 | D:4      | Noticed Eustachio
  2640 | D:4      | Killed Eustachio
  2641 | D:4      | Reached skill level 7 in Unarmed Combat
  2658 | D:4      | Noticed Blork the orc
  2670 | D:4      | Killed Blork the orc
  2673 | D:4      | Gained mutation: You are hated by all. [Ru sacrifice]
  2673 | D:4      | Reached * piety under Ru
  2768 | D:5      | Entered Level 5 of the Dungeon
  2777 | D:5      | Found a shadowy altar of Dithmenos.
  2786 | D:5      | Reached XP level 8. HP: 66/78 MP: 7/7
  2803 | D:5      | You fall into a shaft and drop 3 floors!
  2865 | D:8      | Found a burning altar of Makhleb.
  2920 | D:7      | Reached skill level 5 in Dodging
  2920 | D:7      | Reached skill level 8 in Unarmed Combat
  3084 | D:7      | HP: 1/102 [wight/+0 trident (7)]
  3088 | D:7      | Reached skill level 5 in Fighting
  3091 | D:7      | Slain by a wight

Illustrated notes

Levels and vault maps discovered:
D:1:      amcnicky_arrival_blooded_trapdoor, layout_basic
D:2:      layout_basic, serial_shops, nicolae_shop_bloodbath_and_beyond
D:3:      layout_basic, mainiacjoe_overflow_alcove_1, lemuel_round_altar,
          basic_ecumenical_altar, uniq_robin, uniq_crazy_yiuf_cottage
D:4:      layout_basic, chequers_serial_rivers_small_a, uniq_blork_the_orc,
          uniq_grinder, uniq_eustachio, uniq_edmund, uniq_sigmund
D:5:      layout_gridville, lemuel_zombie_altar_kikubaaqudgha,
          lemuel_doored_altar, nicolae_dithmenos_shadow_blocks,
          minmay_temple_entry_from_below_a, gammafunk_ghost_smash
D:7:      layout_rooms, fedhas_altar_4, serial_demonic, serial_demonic_g,
          serial_demonic_c, serial_demonic_f, serial_demonic_e,
          chequers_serial_rivers_small_a
D:8:      minmay_bloctagon, layout_cave_pools, grunt_temple_overflow_opulence,
          kennysheep_mini_moat, david_lair_generic, minmay_misc_feat_x,
          uniq_grum

Skill      XL: |  1  2  3  4  5  6  7  8 |
---------------+-------------------------+-----
Fighting       | 2 3 4 5 |  5.0
Unarmed Combat | 4 5 6 7 8 |  8.7
Dodging        | 3 4 5 |  5.3
Throwing       | |  1.7

Action                     |  1- 3 |  4- 6 |  7- 9 || total
---------------------------+-------+-------+-------++-------
  Melee: Unarmed           |    99 |   126 |   126 ||   351
         Punch             |       |     4 |     5 ||     9
 Invoke: Sacrifice Love    |       |       |     1 ||     1
    Use: Potion            |       |       |     3 ||     3
   Stab: Sleeping          |     1 |       |       ||     1
 Armour: Robe              |    31 |    49 |    18 ||    98
  Dodge: Dodged            |    47 |    84 |    78 ||   209

Table legend: (Time is in decaauts)
 A = Elapsed time spent in this place.
 B = Non-inter-level travel time spent in this place.
 C = Inter-level travel time spent in this place.
 D = Time resting spent in this place.
 E = Time spent auto-exploring this place.
 F = Levels seen in this place.
 G = Mean time per level.
                   A        B        C        D        E       F      G
               +--------+--------+--------+--------+--------+-----+--------+
         Total |   3047 |   2790 |    257 |     31 |   2114 |   7 |  435.3 |
       Dungeon |   3047 |   2790 |    257 |     31 |   2114 |   7 |  435.3 |
               +--------+--------+--------+--------+--------+-----+--------+

Top non-repeatable levels by time:
     D:3: 857 daAuts
     D:2: 689 daAuts
     D:1: 683 daAuts
     D:4: 516 daAuts
     D:7: 185 daAuts
     D:8: 83 daAuts
     D:5: 32 daAuts
